 Dungeon Crawl Stone Soup version 0.28-a0-1447-ga5a8893891 (webtiles) character file.

Game seed: 2332302862324670063

41 HallandMoats the Skirmisher (level 3, 0/24 HPs)
             Began as a Gargoyle Fighter on Jan 12, 2022.
             Was a Follower of Nemelex Xobeh.
             Frozen to death by an endoplasm (5 damage)
             ... on level 2 of the Dungeon.
             The game lasted 00:01:16 (1305 turns).

HallandMoats the Skirmisher (Gargoyle Fighter)      Turns: 1305, Time: 00:01:16

Health: 0/24       AC: 10    Str: 21    XL:     3   Next: 52%
Magic:  3/3        EV:  9    Int:  8    God:    Nemelex Xobeh [*.....]
Gold:   185        SH:  4    Dex:  9    Spells: 2/2 levels left

rFire   . . .      SeeInvis .   a - +0 war axe
rCold   . . .      Faith    .   c - +0 buckler
rNeg    + . .      Spirit   .   b - +0 scale mail
rPois   ∞          Reflect  .   (no helmet)
rElec   +          Harm     .   (no cloak)
rCorr   .          Rampage  .   (no gloves)
Will    .....                   (no boots)
Stlth   ..........              (no amulet)
HPRegen 0.08/turn               (no ring)
MPRegen 0.08/turn               (no ring)

@: no status effects
A: sickness immunity, AC +3, negative energy resistance 1, electricity
resistance, torment resistance 1, petrification resistance
a: Renounce Religion, Draw Escape, Draw Destruction, Draw Summoning


You were on level 2 of the Dungeon.
You worshipped Nemelex Xobeh.
Nemelex Xobeh was aware of your devotion.
You visited 1 branch of the dungeon, and saw 2 of its levels.

You collected 185 gold pieces.

Inventory:

Hand Weapons
 a - a +0 war axe (weapon)
Armour
 b - a +0 scale mail (worn)
 c - a +0 buckler (worn)
Scrolls
 e - a scroll of noise {unknown}
 f - a scroll of teleportation {unknown}
 g - a scroll of vulnerability {unknown}
Potions
 d - a potion of might


   Skills:
 * Level 3.8 Fighting
 * Level 2.4 Axes
 + Level 3.5 Armour
 + Level 0.5 Dodging
 + Level 3.5 Shields


You had 2 spell levels left.
You didn't know any spells.
Your spell library contained the following spells:

 Spells                   Type           Power      Damage    Failure   Level
 Corpse Rot               Necr/Air       0%         N/A       93%         2
 Poisonous Vapours        Pois/Air       0%         N/A       93%         2


Dungeon Overview and Level Annotations

Branches:
Dungeon (2/15)

Altars:
Nemelex Xobeh

Shops:
D:1 [   D:2 ?


Innate Abilities, Weirdness & Mutations

You are immune to sickness and miasma.
Your stone body is resilient. (AC +3)
You are immune to poison.
You resist negative energy. (rN+)
You are resistant to electric shocks. (rElec)
You are resistant to unholy torment.
You are immune to petrification.


Message History

You now have 152 gold pieces (gained 12).
You now have 162 gold pieces (gained 10).
You now have 173 gold pieces (gained 11).
You now have 185 gold pieces (gained 12).
There is a faded altar of an unknown god here.
You cannot tell which god this altar belongs to.
Convert to them anyway?
Nemelex Xobeh accepts your prayer! Nemelex Xobeh welcomes you!
You can now draw from decks of power.
Nemelex will now gift you decks of power as you gain piety.
Found a leather armour.
An endoplasm comes into view.
The endoplasm quivers.
An endoplasm is nearby!
The endoplasm closely misses you.
The endoplasm hits you but does no damage.
You block the endoplasm's attack. The endoplasm hits you.
The endoplasm closely misses you. The endoplasm barely misses you.
You block the endoplasm's attack. The endoplasm freezes you.
You are frozen.
The endoplasm freezes you.
You are frozen.
The endoplasm freezes you.
You are frozen.
The endoplasm hits you but does no damage.
The endoplasm freezes you.
You are frozen.
* * * LOW HITPOINT WARNING * * *
The endoplasm freezes you.
You are frozen.
* * * LOW HITPOINT WARNING * * *
The endoplasm hits you but does no damage.
The endoplasm hits you but does no damage.
The endoplasm freezes you.
You are frozen.
You die...
Your body disappears without a glow.

......##...##..## #######
................#
.............##.#
.#............#.#
.#..............#
............<.###
..............#
#.............##########
#.#.#...........@J......
..............####......
.#....(....................#
..............####.........#
.#............## .........#
...............####........#
.................##........#
.....#......#..#.##........#
.....#########.#.PPPP......#


You could see an endoplasm.

Vanquished Creatures
  2 dart slugs (D:1)
  6 endoplasms
  2 giant cockroaches
  A goblin (D:2)
  6 hobgoblins
  3 kobolds
  3 quokkas
  3 ball pythons (D:1)
  3 frilled lizards
  3 rats
32 creatures vanquished.

Vanquished Creatures (others)
  4 toadstools (D:2)
4 creatures vanquished.

Grand Total: 36 creatures vanquished

Notes
Turn   | Place    | Note
-------+----------+-------------------------------------------
     0 | D:1      | HallandMoats the Gargoyle Fighter began the quest for the
                  | Orb.
     0 | D:1      | Reached XP level 1. HP: 14/14 MP: 1/1
   100 | D:1      | Reached XP level 2. HP: 19/19 MP: 2/2
   182 | D:1      | Found Exzatauw's Armour Emporium.
   625 | D:1      | Reached XP level 3. HP: 24/24 MP: 3/3
  1136 | D:2      | Found Eczuit's Magic Scroll Boutique.
  1203 | D:2      | Found a faded altar of an unknown god.
  1232 | D:2      | Prayed at the altar of an unknown god.
  1232 | D:2      | Became a worshipper of Nemelex Xobeh the Trickster
  1232 | D:2      | Reached * piety under Nemelex Xobeh
  1305 | D:2      | Frozen to death by an endoplasm

Illustrated notes

Levels and vault maps discovered:
D:1:      grunt_arrival_lava_bath, layout_basic, serial_shops,
          nicolae_shop_hallway_plus
D:2:      layout_rooms, basic_ecumenical_altar, serial_shops, shop,
          minmay_gold_behind_fungi

Skill      XL: |  1 |
---------------+----+-----
Axes           | 2 |  2.4
Fighting       | |  3.8
Armour         | |  3.5
Dodging        | |  0.5
Shields        | |  3.5

Action                   || total
-------------------------++-------
Melee: War axe           ||    77
Armor: Scale mail        ||    47
Dodge: Dodged            ||    51
Block: Buckler           ||    17

Table legend: (Time is in decaauts)
 A = Elapsed time spent in this place.
 B = Non-inter-level travel time spent in this place.
 C = Inter-level travel time spent in this place.
 D = Time resting spent in this place.
 E = Time spent auto-exploring this place.
 F = Levels seen in this place.
 G = Mean time per level.
                   A        B        C        D        E       F      G
               +--------+--------+--------+--------+--------+-----+--------+
         Total |   1338 |   1314 |     24 |      0 |   1057 |   2 |  669.0 |
       Dungeon |   1338 |   1314 |     24 |      0 |   1057 |   2 |  669.0 |
               +--------+--------+--------+--------+--------+-----+--------+

Top non-repeatable levels by time:
     D:1: 813 daAuts
     D:2: 524 daAuts
